 Dungeon Crawl Stone Soup version 0.20.0-6-gd3061e9 (webtiles) character file.

3910 Gartch2 the Slicer (level 10, -8/51 HPs)
             Began as a Spriggan Enchanter on May 27, 2017.
             Was a Priest of Dithmenos.
             Engulfed by a cloud of flame (12 damage)
             ... in a volcano on May 28, 2017.
             The game lasted 02:12:12 (13880 turns).

Gartch2 the Slicer (Spriggan Enchanter)            Turns: 13880, Time: 02:12:12

Health: -8/51      AC:  4    Str:  4    XL:     10   Next: 1%
Magic:  28/31      EV: 20    Int: 20    God:    Dithmenos [***...]
Gold:   482        SH:  0    Dex: 17    Spells: 12/24 levels left

rFire    . . .     SeeInvis +   a - +2 dagger
rCold    . . .     Gourm    .   (shield restricted)
rNeg     . . .     Faith    .   o - +1 robe
rPois    .         Spirit   .   (helmet restricted)
rElec    .         Reflect  .   (no cloak)
rCorr    .         Harm     .   (gloves unavailable)
MR       +....                  (boots unavailable)
Stlth    ++++......             (no amulet)
Regen    0.2/turn               w - ring of magical power
MPRegen  0.3/turn               j - +1 ring of protection

@: wreathed by umbra, very quick
A: unfitting armour, see invisible, herbivore 3, speed 3, slow metabolism 2
a: Shadow Step, Renounce Religion


You were in a volcano.
You worshipped Dithmenos.
Dithmenos was most pleased with you.
You were full.

You visited 2 branches of the dungeon, and saw 11 of its levels.
You also visited: Volcano.

You collected 482 gold pieces.

Inventory:

Hand Weapons
 a - a +2 dagger (weapon)
 b - a +0 hunting sling
 F - a +0 blowgun
Missiles
 e - 297 stones (quivered)
 y - 2 poisoned tomahawks
 H - 8 needles of confusion
Armour
 o - a +1 robe (worn)
 z - a +0 buckler
Jewellery
 j - a +1 ring of protection (right hand)
 w - a ring of magical power (left hand)
 B - an uncursed amulet of rage {unknown}
Wands
 r - a wand of lightning (13/15)
 C - a wand of enslavement (24/24)
Scrolls
 f - 3 scrolls of enchant armour
 i - a scroll of blinking
 k - 5 scrolls of identify
 l - a scroll of teleportation
 p - a scroll of remove curse
 q - 2 scrolls of enchant weapon
 u - 2 scrolls of recharging
 A - a scroll of amnesia
Potions
 g - 6 potions of curing
 m - 3 potions of heal wounds
 n - a potion of haste
 s - 2 potions of mutation
 D - a potion of invisibility {unknown}
 E - a potion of brilliance {unknown}
Books
 c - a book of Maledictions

   Spells                             Type                      Level
   a - Corona                         Hexes                        1
   b - Ensorcelled Hibernation        Hexes/Ice                    2
   c - Confuse                        Hexes                        3
   d - Tukima's Dance                 Hexes                        3
   e - Dazzling Spray                 Conjuration/Hexes            3
 G - a book of Cantrips

   Spells                             Type                      Level
   a - Confusing Touch                Hexes                        1
   b - Animate Skeleton               Necromancy                   1
   c - Summon Small Mammal            Summoning                    1
   d - Apportation                    Translocation                1
Comestibles
 d - 3 bread rations
 x - 2 royal jellies


   Skills:
 - Level 4.5 Fighting
 - Level 10.1 Short Blades
 - Level 4.7 Dodging
 - Level 4.4 Stealth
 - Level 7.9 Spellcasting
 + Level 7.9 Hexes
 - Level 2.5 Ice Magic


You had 12 spell levels left.
You knew the following spells:

 Your Spells              Type           Power        Failure   Level  Hunger
b - Ensorcelled Hibernat  Hex/Ice        ####..       1%          2    None
c - Confuse               Hex            #####...     1%          3    None
d - Tukima's Dance        Hex            #####...     1%          3    None
e - Dazzling Spray        Conj/Hex       ###...       4%          3    None
f - Summon Small Mammal   Summ           #...         9%          1    None


Dungeon Overview and Level Annotations

Branches:
Dungeon (9/15)             Temple (0/1) D:4            Lair (2/6) D:9
    Orc (0/2) D:9
  Swamp: Lair:2-4    Shoals: Lair:2-4     Snake: Lair:2-4    Spider: Lair:2-4

Altars:
Ashenzari
Dithmenos
Elyvilon
Hepliaklqana
Makhleb
Nemelex Xobeh
Okawaru
Sif Muna
Vehumet
Yredelemnul
Zin

Shops:
D:7 :

Annotations:
D:2 exclusion: downstairs
D:3 tv1990's ghost, amateur TrMo
D:5 1 runed door, exclusion: door, Sigmund
D:6 Dowan; Duvessa
D:7 exclusion: angel
D:8 exclusions: downstairs, eye of draining and ogre, Joseph


Innate Abilities, Weirdness & Mutations

You are very small and have problems with some larger weapons.
You are too small for most types of armour.
You have supernaturally acute eyesight. (SInv)
You are a herbivore.
You cover ground extremely quickly.
You need consume almost no food.


Message History

Casting: Ensorcelled Hibernation
Confirm with . or Enter, or press ? or * to list all spells.
Aiming: Ensorcelled Hibernation
Press: ? - help, Shift-Dir - straight line, f/p - lava snake
Aim: a lava snake (lava, catching its breath, umbra, chance to defeat MR: 66%)
The lava snake looks drowsy...
The helpless lava snake fails to defend itself.
You perforate the lava snake like a sieve!!!
You kill the lava snake!
Dithmenos accepts your kill.
Dithmenos appreciates your extinguishing a source of fire.
You start resting.
You are engulfed in blazing flames.
Ouch! That really hurt!
* * * LOW HITPOINT WARNING * * *
You emit a cloud of dark smoke.
You are engulfed in blazing flames.
* * * LOW HITPOINT WARNING * * *
You are engulfed in blazing flames.
You die...

S≈≈≈§§§§≈≈≈§S§≈≈≈≈≈§§§§
≈§≈≈≈≈§§§§§§§≈§§≈≈≈≈§≈§
≈≈≈§≈§§§≈§§§§§≈§≈≈≈≈≈≈≈
§≈≈≈≈§§§≈§§§§§≈§§§≈≈≈≈§≈
§≈§§§§§§§§§§§§§§§§≈≈§§≈§
§§≈≈§§≈§≈§§§§§§≈§≈≈≈≈§§§
§§≈≈§≈≈§§§§§§§§§≈≈≈≈§≈≈≈
§§......§§§§##..........
......§@§§§######.......
.##.##.##§## ##...... ##
### ###...# #####


There were no monsters in sight!

Vanquished Creatures
  3 blink frogs (Lair:1)
  2 hippogriffs (Lair:1)
  4 yaks
  A fire bat (Volcano)
  A steam dragon (D:7)
  A hungry ghost (D:8)
  A water moccasin (Lair:1)
  A sky beast (D:5)
  A black bear (D:6)
  2 phantoms (D:7)
  An ice beast (D:6)
  2 ogres
  2 centaurs
  A crocodile (Lair:1)
  A bullfrog (D:7)
  Blork the orc (D:5)
  A scorpion (D:7)
  5 killer bees (D:7)
  2 crimson imps
  2 lava snakes (Volcano)
  A bullfrog zombie (D:6)
  A centaur zombie (D:3)
  A hound (D:5)
  2 bullfrog skeletons (D:7)
  An iguana (D:4)
  3 worker ants
  8 adders
  A howler monkey skeleton (D:7)
  2 oozes
  An adder zombie (D:8)
  2 worms (D:2)
  3 dart slugs
  4 leopard geckos
  13 orcs
  2 ball pythons
  14 giant cockroaches
  4 goblins
  12 hobgoblins
  8 jackals
  3 quokkas
  11 bats
  5 frilled lizards
  10 kobolds
  2 quokka skeletons
  6 rats
155 creatures vanquished.

Vanquished Creatures (collateral kills)
  2 ogres
2 creatures vanquished.

Vanquished Creatures (others)
  A fungus (Lair:2)
1 creature vanquished.

Grand Total: 158 creatures vanquished

Notes
Turn   | Place    | Note
-------+----------+-------------------------------------------
     0 | D:1      | Gartch2 the Spriggan Enchanter began the quest for the Orb.
     0 | D:1      | Reached XP level 1. HP: 9/9 MP: 5/5
   187 | D:1      | Reached XP level 2. HP: 12/13 MP: 7/7
   191 | D:1      | Learned a level 2 spell: Ensorcelled Hibernation
  1559 | D:2      | Found a shadowy altar of Dithmenos.
  1585 | D:2      | Became a worshipper of Dithmenos the Shadowed
  1830 | D:2      | Reached XP level 3. HP: 10/16 MP: 6/9
  2569 | D:2      | Found an iron altar of Okawaru.
  2633 | D:2      | Reached skill level 5 in Spellcasting
  2989 | D:3      | Noticed tv1990's ghost (amateur TrMo)
  3049 | D:3      | Learned a level 3 spell: Confuse
  3053 | D:3      | Learned a level 3 spell: Tukima's Dance
  3057 | D:3      | Learned a level 3 spell: Dazzling Spray
  3628 | D:3      | Reached XP level 4. HP: 13/21 MP: 7/12
  4399 | D:3      | Reached * piety under Dithmenos
  4608 | D:3      | Reached skill level 1 in Ice Magic
  4728 | D:3      | Reached XP level 5. HP: 24/24 MP: 7/14
  4942 | D:2      | Found a white marble altar of Elyvilon.
  5586 | D:4      | Noticed an ogre
  5754 | D:4      | Noticed an ogre
  5765 | D:4      | Found a hazy altar of Hepliaklqana.
  5829 | D:4      | Found a staircase to the Ecumenical Temple.
  6741 | D:5      | Entered Level 5 of the Dungeon
  6971 | D:5      | Noticed Sigmund
  6984 | D:5      | Noticed an ogre
  6997 | D:5      | Killed an ogre
  6997 | D:5      | Reached skill level 5 in Hexes
  6997 | D:5      | Reached XP level 6. HP: 25/28 MP: 13/16
  7326 | D:4      | Upgraded the game from 0.20.0-4-g10b340a to 0.20.0-6-gd3061e9
  7475 | D:5      | Noticed Blork the orc
  7545 | D:5      | Reached ** piety under Dithmenos
  7545 | D:5      | Reached skill level 2 in Short Blades
  7545 | D:5      | Reached XP level 7. HP: 26/32 MP: 6/17
  7724 | D:5      | Reached skill level 3 in Short Blades
  7811 | D:5      | Reached skill level 4 in Short Blades
  8048 | D:5      | Killed Blork the orc
  8201 | D:5      | Found a runed door.
  8377 | D:6      | Noticed Duvessa
  8377 | D:6      | Noticed Dowan
  8562 | D:6      | Found a white marble altar of Elyvilon.
  9024 | D:6      | Reached XP level 8. HP: 33/36 MP: 17/20
  9077 | D:6      | Found a basalt altar of Yredelemnul.
  9089 | D:6      | Found a radiant altar of Vehumet.
  9100 | D:6      | Found a shattered altar of Ashenzari.
  9113 | D:6      | Found a sparkling altar of Nemelex Xobeh.
  9273 | D:7      | Found a burning altar of Makhleb.
  9275 | D:7      | Found a glowing silver altar of Zin.
  9275 | D:7      | Noticed an angel
  9663 | D:7      | Reached skill level 5 in Short Blades
  9989 | D:7      | Noticed a balrug
 10640 | D:8      | Noticed Joseph
 10942 | D:8      | Reached skill level 6 in Short Blades
 11072 | D:9      | Found a staircase to the Orcish Mines.
 11132 | D:9      | Found a staircase to the Lair.
 11239 | D:9      | Found a deep blue altar of Sif Muna.
 11781 | D:7      | Reached skill level 7 in Short Blades
 11896 | D:7      | Found Ittalicw's Book Emporium.
 11925 | D:7      | Reached skill level 1 in Fighting
 12027 | D:7      | Reached XP level 9. HP: 42/42 MP: 21/21
 12530 | Lair:1   | Entered Level 1 of the Lair of Beasts
 12849 | Lair:1   | Reached skill level 8 in Short Blades
 13346 | Lair:1   | Reached skill level 9 in Short Blades
 13350 | Lair:1   | Reached *** piety under Dithmenos
 13429 | Lair:1   | Learned a level 1 spell: Summon Small Mammal
 13503 | Lair:1   | Reached skill level 10 in Short Blades
 13676 | Lair:2   | Noticed a komodo dragon
 13689 | Lair:2   | Found a dark tunnel.
 13694 | Volcano  | Entered a volcano
 13851 | Volcano  | Reached XP level 10. HP: 36/51 MP: 22/22
 13880 | Volcano  | Engulfed by a cloud of flame

Skill      XL: |  1  2  3  4  5  6  7  8  9 |
---------------+----------------------------+-----
Spellcasting   | 3 4 5 6 7 |  7.9
Ice Magic      | 1 2 |  2.5
Hexes          | 5 6 7 |  7.9
Short Blades   | 2 4 7 10 | 10.1
Dodging        | 4 |  4.7
Fighting       | 1 4 |  4.5
Stealth        | |  4.4

Action                   |  1- 3 |  4- 6 |  7- 9 | 10-12 || total
-------------------------+-------+-------+-------+-------++-------
Melee: Dagger            |   223 |   205 |   196 |     1 ||   625
 Fire: Hunting sling     |    20 |    28 |     2 |       ||    50
Throw: Stone             |    82 |       |       |       ||    82
 Cast: Ensorcelled Hiber |    10 |    46 |    49 |     2 ||   107
       Confuse           |     1 |     5 |    28 |       ||    34
       Tukima's Dance    |       |     4 |       |       ||     4
  Use: Scroll            |       |       |    14 |       ||    14
 Stab: Sleeping          |    18 |    30 |    44 |     1 ||    93
       Confused          |     2 |       |    20 |       ||    22
       Distracted        |     1 |     2 |     1 |       ||     4
  Eat: Bread ration      |       |     1 |     1 |       ||     2
       Fruit             |       |       |     2 |       ||     2
Armor: Robe              |    18 |     8 |     3 |       ||    29
Dodge: Dodged            |   144 |   160 |    80 |     1 ||   385
